Map: Dusk Towers

Players

Tarrantius

  • Race: Protoss Protoss
  • League: Master

Miszu - Winner!

  • Race: Terran Terran
  • League: Grandmaster

VOD

Have the link to the VOD?

Description

Time

  • Played on: Feb. 22, 2016, 7:53 a.m.
  • Length: 11:13
Show
View Real Time Build Order
Export as new Build Order

Tarrantius Protoss 

Build Orders:  

Get SALT Encoding   

  12  0:01  Probe (Chrono Boost)  
  13  0:11  Probe (Chrono Boost)  
  14  0:19  Pylon  
  14  0:22  Probe (Chrono Boost)  
  15  0:37  Gateway, Probe (Chrono Boost)  
  16  0:44  Assimilator  
  16  0:48  Probe (Chrono Boost)  
  17  0:58  Probe (Chrono Boost)  
  17  1:03  Assimilator  
  18  1:09  Probe (Chrono Boost)  
  19  1:19  Probe (Chrono Boost)  
  19  1:24  Cybernetics Core  
  20  1:30  Probe (Chrono Boost)  
  20  1:31  Pylon  
  21  1:40  Probe (Chrono Boost)  
  21  1:46  Pylon  
  22  1:51  Probe (Chrono Boost)  
  23  2:01  Adept (Chrono Boost), Warp Gate (Chrono Boost)  
  25  2:02  Mothership Core (Chrono Boost)  
  27  2:18  Robotics Facility  
  27  2:27  Adept (Chrono Boost)  
  29  2:32  Gateway  
  29  2:41  Gateway  
  29  2:58  Pylon x2  
  29  3:09  Robotics Bay, Warp Prism (Chrono Boost)  
  31  3:20  Pylon  
  31  3:57  Disruptor (Chrono Boost)  
  31  3:58  Pylon  
  31  4:00  Stalker x2  
  31  4:01  Stalker  
  40  4:29  Disruptor (Chrono Boost)  
  43  4:34  Nexus  
  43  4:36  Probe  
  44  4:48  Probe  
  46  5:00  Observer (Chrono Boost), Probe  
  47  5:12  Probe  
  48  5:25  Probe  
  48  5:26  Observer (Chrono Boost)  
  50  5:29  Gravitic Drive  
  50  5:31  Nexus  
  50  5:37  Probe  
  51  5:49  Probe  
  52  5:53  Probe  
  53  6:01  Probe  
  53  6:02  Twilight Council  
  53  6:04  Probe  
  54  6:10  Immortal (Chrono Boost)  
  59  6:21  Probe  
  59  6:22  Probe  
  61  6:25  Assimilator  
  61  6:27  Assimilator  
  61  6:34  Probe  
  61  6:36  Probe  
  63  6:40  Resonating Glaives (Chrono Boost)  
  63  6:41  Sentry x2  
  63  6:47  Probe x2  
  68  6:50  Probe  
  68  6:51  Immortal  
  74  6:57  Pylon  
  74  6:58  Probe  
  74  6:59  Probe  
  74  7:00  Probe  
  76  7:05  Adept  
  79  7:11  Pylon, Probe  
  79  7:14  Probe  
  80  7:18  Probe  
  82  7:23  Stalker x2, Probe  
  87  7:43  Probe  
  87  7:44  Pylon, Probe  
  87  7:46  Gateway  
  87  7:47  Gateway  
  87  7:50  Gateway, Sentry  
  87  7:51  Stalker  
  93  7:57  Pylon  
  93  8:01  Pylon, Probe  
  93  8:03  Probe  
  95  8:14  Probe  
  95  8:15  Probe  
  97  8:20  Robotics Facility, Adept x2  
  97  8:23  Probe  
  97  8:25  Pylon  
  102  8:29  Pylon  
  102  8:31  Blink (Chrono Boost)  
  102  8:36  Probe x2  
  102  8:37  Probe  
  103  8:59  Stalker x2, Probe  
  103  9:00  Stalker x3  
  103  9:01  Probe  
  112  9:06  Forge x2  
  112  9:11  Colossus  
  118  9:17  Extended Thermal Lance (Chrono Boost)  
  118  9:18  Probe  
  119  9:25  Pylon  
  119  9:33  Probe  
  119  9:35  Assimilator  
  120  9:40  Assimilator  
  120  9:42  Pylon  
  120  9:43  Probe  
  121  9:53  Robotics Facility  
  121  9:56  Pylon  
  121  9:59  Nexus  
  122  10:00  Colossus, Probe  
  122  10:07  Photon Cannon  
  122  10:12  Probe  
  129  10:20  Probe x2  
  131  10:26  Pylon  
  131  10:29  Pylon  
  131  10:35  Gateway  
  128  10:36  Photon Cannon  
  128  10:37  Gateway  
  128  10:39  Gateway  
  120  10:46  Stargate  
  120  10:49  Observer  
  121  10:52  Adept x2  
Show
View Real Time Build Order
Export as new Build Order

Miszu Terran - Winner!

Build Orders: Command Center First (CC), MMM Bio 

Get SALT Encoding   

  12  0:00  SCV  
  13  0:12  SCV  
  14  0:17  Supply Depot  
  14  0:25  SCV  
  15  0:39  SCV  
  16  0:51  SCV  
  17  0:59  Command Center  
  17  1:03  SCV  
  18  1:15  SCV  
  18  1:16  Barracks  
  19  1:27  SCV  
  19  1:30  Barracks  
  20  1:39  SCV  
  21  1:44  Barracks  
  21  1:51  SCV  
  22  2:03  Orbital Command  
  22  2:04  Marine  
  23  2:11  Orbital Command  
  23  2:18  Marine  
  23  2:22  Marine  
  25  2:30  SCV  
  25  2:31  Marine  
  25  2:36  Marine  
  28  2:39  Marine, SCV  
  28  2:42  Supply Depot, SCV  
  31  2:51  SCV  
  32  2:52  Bunker  
  32  2:54  Marine, SCV  
  32  2:56  Marine  
  32  2:58  Supply Depot, Marine  
  36  3:03  SCV  
  37  3:06  SCV  
  37  3:08  Refinery  
  38  3:15  Refinery  
  38  3:19  Marine x3  
  42  3:20  SCV  
  42  3:22  Supply Depot  
  42  3:23  SCV  
  43  3:32  SCV  
  44  3:35  SCV  
  44  3:36  Engineering Bay  
  44  3:37  Marine  
  46  3:43  Marine x2  
  46  3:44  SCV  
  46  3:46  Supply Depot  
  46  3:47  SCV  
  50  3:53  Engineering Bay  
  51  3:56  Barracks Tech Lab, SCV  
  51  3:59  SCV  
  51  4:01  Marine  
  53  4:03  Missile Turret  
  53  4:06  Missile Turret x2  
  52  4:11  Marine  
  52  4:16  Marauder  
  55  4:19  Marine, Stimpack  
  56  4:27  Factory  
  56  4:30  SCV  
  58  4:31  SCV  
  58  4:33  Marine  
  59  4:40  Supply Depot  
  59  4:43  Marauder  
  59  4:44  Marine  
  62  4:48  Terran Infantry Weapons Level 1  
  62  4:51  Refinery  
  62  5:00  Supply Depot  
  62  5:02  SCV x2  
  62  5:05  Marine  
  62  5:06  Marine, Marauder  
  68  5:14  SCV x2  
  54  5:22  Starport, Factory Reactor  
  54  5:23  Marine  
  54  5:26  SCV x2  
  54  5:27  Marauder  
  59  5:28  Marine  
  60  5:36  Missile Turret  
  60  5:38  SCV x2  
  60  5:40  Barracks  
  60  5:41  Marine  
  63  5:44  Barracks  
  63  5:50  Liberator  
  63  5:51  Liberator  
  63  5:54  SCV x2  
  63  5:55  Marine, Marauder  
  61  6:06  SCV x2  
  69  6:17  Supply Depot  
  69  6:18  Barracks Reactor, SCV  
  69  6:20  Barracks Tech Lab  
  69  6:22  SCV  
  71  6:31  Barracks Reactor, Barracks Tech Lab  
  71  6:37  SCV x2  
  66  6:47  Refinery  
  66  6:49  SCV x2  
  69  6:55  Medivac x2  
  69  7:00  Barracks Reactor  
  68  7:01  SCV  
  68  7:03  Command Center  
  68  7:05  SCV  
  70  7:09  Supply Depot  
  70  7:10  Supply Depot, Liberator  
  70  7:13  SCV  
  71  7:26  Marine x2, Marauder  
  81  7:30  Marauder  
  81  7:31  Marauder  
  81  7:35  SCV x2  
  86  7:39  Marine  
  87  7:47  Supply Depot, SCV  
  87  7:48  Fusion Core, Marauder  
  87  7:50  Fusion Core  
  87  7:53  Starport  
  87  7:54  Marine, SCV  
  87  7:55  Marine, Marauder  
  92  7:59  SCV  
  92  8:05  Supply Depot  
  93  8:06  SCV  
  93  8:09  Medivac  
  93  8:11  SCV  
  97  8:18  SCV  
  98  8:21  Marauder  
  98  8:25  Liberator x2  
  100  8:34  Refinery, Starport Tech Lab  
  100  8:35  Marine x2  
  100  8:36  Marauder x2  
  100  8:38  Refinery  
  106  8:45  Liberator  
  110  8:49  SCV  
  110  8:53  Marine, Marauder  
  108  8:57  Marauder, SCV  
  108  9:00  Orbital Command  
  108  9:01  SCV  
  112  9:04  Advanced Ballistics  
  112  9:05  Marine x2  
  112  9:09  SCV  
  118  9:13  SCV  
  118  9:15  Marauder  
  121  9:19  Liberator x2  
  121  9:21  SCV  
  122  9:25  SCV  
  122  9:27  Supply Depot  
  122  9:30  Supply Depot  
  123  9:33  SCV  
  123  9:38  SCV  
  131  9:39  Marine x2  
  131  9:45  Combat Shields  
  133  9:46  Concussive Shells  
  133  9:48  Liberator  
  133  9:49  Marine x2  
  133  9:52  Supply Depot  
  135  9:53  Supply Depot  
  135  9:58  Missile Turret  
  135  9:59  Missile Turret  
  135  10:01  Liberator  
  135  10:02  Liberator, Missile Turret  
  135  10:03  Missile Turret  
  135  10:04  Missile Turret  
  138  10:14  Missile Turret  
  138  10:16  Marine  
  138  10:17  Marauder  
  147  10:22  Marauder  
  147  10:23  Marine, Marauder  
  152  10:38  Marauder  
  154  10:46  Marine x5, Marauder  
  164  10:53  Engineering Bay  
  164  10:55  Armory  
  163  10:57  Command Center  
Tags
 
Add a new tag
Caveats
  • Supply blocks, unpowered buildings, or Contaminate may cause inaccurate times.
  • Supply counts are checked every 10 seconds.